 Dungeon Crawl Stone Soup version 0.31.0-11-ge490571c62 (webtiles) character file.

Game seed: 12324180084761569265

94 qw the Shooter (level 4, 0/22 HPs)
             Began as a Spriggan Hunter on Feb 3, 2024.
             Slain by a goblin
             ... wielding a +0 dagger
             ... led by Robin
              (2 damage)
             ... on level 3 of the Dungeon.
             The game lasted 00:00:05 (1472 turns).

qw the Shooter (Spriggan Hunter)                    Turns: 1472, Time: 00:00:06

Health: 0/22       AC:  3    Str:  7    XL:     4   Next: 38%
Magic:  5/5        EV: 20    Int: 10    God:
Gold:   69         SH:  0    Dex: 20    Spells: 3/3 levels left

rFire   . . .        a - +0 shortbow
rCold   . . .        (shield currently unavailable)
rNeg    . . .        c - +0 robe
rPois   .            (helmet restricted)
rElec   .            j - +0 cloak
rCorr   +            (gloves unavailable)
SInv    +            (boots unavailable)
Will    .....        (no amulet)
Stlth   ++           i - ring of resist corrosion
HPRegen 0.23/turn    (no ring)
MPRegen 0.09/turn

%: no passive effects
@: very quick
A: very small, no large weapons, unfitting armour, see invisible, speed 3
a: no special abilities


You were on level 3 of the Dungeon.
You visited 1 branch of the dungeon, and saw 3 of its levels.

You collected 69 gold pieces.


Innate Abilities, Weirdness & Mutations

You are very small and have problems with some larger weapons.
You are too small for most types of armour.
You have supernaturally acute eyesight. (SInv)
You cover ground extremely quickly. (Speed+++)


   Skills:
 - Level 1.5 Fighting
 - Level 5.0 Ranged Weapons
 + Level 4.7 Dodging
 - Level 1.5 Stealth


You had 3 spell levels left.
You didn't know any spells.
Your spell library was empty.

Inventory:

Hand Weapons
 a - a +0 shortbow (weapon)
Armour
 c - a +0 robe (worn)
 j - a +0 cloak (worn)
Jewellery
 i - a ring of resist corrosion (left hand)
Potions
 d - a potion of might
 e - 2 potions of curing

Dungeon Overview and Level Annotations

Branches:
Dungeon (3/15)

Altars:


Message History

Robin barely misses you. The goblin completely misses you.
You shoot an arrow. The arrow closely misses Robin.
The arrow hits the hobgoblin.
You kill the hobgoblin!
The goblin no longer looks unusually strong.
Robin closely misses you. The goblin closely misses you.
You shoot an arrow. The arrow hits Robin.
Robin is moderately wounded.
Robin misses you. The goblin completely misses you.
You shoot an arrow. The arrow closely misses Robin.
Robin hits you with a +0 club. The goblin hits you but does no damage.
You shoot an arrow. The arrow closely misses Robin.
You feel a little less mighty now. Robin closely misses you.
The goblin hits you with a +0 dagger.
You shoot an arrow. The arrow completely misses Robin.
Robin roars a battlecry!
The goblin goes into a battle-frenzy!
The goblin barely misses you. Robin barely misses you.
The goblin closely misses you.
You shoot an arrow.
The arrow hits Robin but does no damage.
Robin is moderately wounded.
Robin hits you but does no damage. The goblin barely misses you.
You shoot an arrow. The arrow hits Robin.
Robin is heavily wounded.
Robin barely misses you. The goblin completely misses you.
You shoot an arrow. The arrow barely misses Robin.
Robin hits you but does no damage. The goblin misses you.
You shoot an arrow. The arrow barely misses Robin.
Robin misses you. The goblin barely misses you.
You shoot an arrow. The arrow barely misses Robin.
Robin hits you but does no damage. The goblin hits you with a +0 dagger.
You shoot an arrow.
The arrow hits Robin but does no damage.
Robin is heavily wounded.
Robin closely misses you. The goblin hits you with a +0 dagger.
You shoot an arrow. The arrow hits Robin!
You kill Robin!
The goblin completely misses you. The goblin hits you with a +0 dagger.
You die...

#.# #[# #.# #.#
#.# #.# #.#
#.#########...
#.#..g@)$.....
#.#.#######...
####.##.#.###...
.................
.######.#.....###
#.####### #.# #.#
#.#


You could see a goblin (strong).

Vanquished Creatures
  Robin (D:3)
  3 adders (D:2)
  A dart slug (D:1)
  2 ribbon worms (D:2)
  5 endoplasms
  A giant cockroach (D:1)
  10 goblins
  12 hobgoblins
  6 kobolds
  2 quokkas
  8 ball pythons
  2 bats
  A frilled lizard (D:1)
  3 rats
57 creatures vanquished.

Notes
Turn   | Place    | Note
-------+----------+-------------------------------------------
     0 | D:1      | qw the Spriggan Hunter began the quest for the Orb.
     0 | D:1      | Reached XP level 1. HP: 10/10 MP: 2/2
     0 | D:1      | 0 ||| qw: Version: 0.3-a-155-g5e7d8dd
     0 | D:1      | 0 ||| qw: Game counter: 3504
     0 | D:1      | 0 ||| qw: Melee chars always use a shield: true
     0 | D:1      | 0 ||| qw: God list: Okawaru
     0 | D:1      | 0 ||| qw: Allow faded altars: false
     0 | D:1      | 0 ||| qw: Do Orc after clearing Dungeon:15 true
     0 | D:1      | 0 ||| qw: Do second Lair branch before Depths: true
     0 | D:1      | 0 ||| qw: Lair rune preference: random
     0 | D:1      | 0 ||| qw: Goals: Normal
     0 | D:1      | 0 ||| PLANNING D:1-11
    40 | D:1      | Reached skill level 3 in Dodging
    86 | D:1      | Reached XP level 2. HP: 13/14 MP: 3/3
   138 | D:1      | Found a faded altar of an unknown god.
   320 | D:1      | Reached XP level 3. HP: 18/18 MP: 4/4
   389 | D:1      | 389 ||| UPGRADING to +0 cloak.
   394 | D:1      | 394 ||| UPGRADING to ring of resist corrosion.
   395 | D:1      | 395 ||| READING 2 scrolls labelled UMUTIF ERIU.
   395 | D:1      | 395 ||| IDENTIFYING fizzy blue potion
   396 | D:1      | 396 ||| READING scroll of identify.
   396 | D:1      | 396 ||| IDENTIFYING glowing cyan potion
   397 | D:1      | 397 ||| READING scroll labelled BEKHLA ATAQI.
   400 | D:1      | 400 ||| READING scroll labelled LAVIOSE WOYCHO.
   401 | D:1      | 401 ||| READING scroll labelled QUHEDDI UMERPHA.
   402 | D:1      | 402 ||| DROPPING scroll of butterflies.
   403 | D:1      | 403 ||| DROPPING potion of invisibility.
   501 | D:2      | Reached skill level 5 in Ranged Weapons
   695 | D:2      | Reached XP level 4. HP: 22/22 MP: 5/5
   960 | D:2      | Identified the +1 leather armour "Koreant" {^Drain Str+4}
  1292 | D:2      | 1292 ||| READING scroll of identify.
  1292 | D:2      | 1292 ||| IDENTIFYING grey potion
  1293 | D:2      | 1293 ||| READING scroll labelled KYOCEN RYFULI.
  1394 | D:2      | 1394 ||| DRINKING 2 sedimented purple potions.
  1395 | D:2      | 1395 ||| DROPPING potion of lignification.
  1445 | D:3      | Noticed Robin
  1470 | D:3      | HP: 3/22 [goblin/+0 dagger[Robin] (4)]
  1472 | D:3      | Killed Robin
  1472 | D:3      | Slain by a goblin

Levels and vault maps discovered:
D:1:      ldierk_walled_garden, layout_rooms, shapermc_ecumenical_altar_venn
D:2:      layout_basic, nicolae_wormholes
D:3:      layout_basic, nicolae_gozag_seed_capital, uniq_robin

Skill      XL: |  1  2  3 |
---------------+----------+-----
Dodging        | 3 4 |  4.7
Ranged Weapons | 5 |  5.0
Fighting       | |  1.5
Stealth        | |  1.5

Action                     |  1- 3 |  4- 6 || total
---------------------------+-------+-------++-------
   Fire: Shortbow          |    99 |    60 ||   159
    Use: Scroll            |     5 |     2 ||     7
         Potion            |       |     1 ||     1
 Armour: Robe              |     5 |    20 ||    25
  Dodge: Dodged            |    20 |    37 ||    57

Table legend:
 A = Non-vault XP
 B = Vault XP
 C = Vault XP percentage of total XP
 D = Non-vault monster count
 E = Vault monster count
 F = Vault count percentage of total count
                 A         B        C        D         E       F
            +---------+---------+-------+---------+---------+-------
      Total |     111 |      39 |  26.0 |      45 |      12 |  21.1
            +---------+---------+-------+---------+---------+-------
        D:1 |      42 |       0 |   0.0 |      24 |       0 |   0.0
        D:2 |      66 |       8 |  10.8 |      19 |       2 |   9.5
        D:3 |       3 |      31 |  91.2 |       2 |      10 |  83.3
            +---------+---------+-------+---------+---------+-------
